 Dungeon Crawl Stone Soup version 0.20.1-1-g8b1a95d (webtiles) character file.

65 Gremour the Slasher (level 3, -6/31 HPs)
             Began as a Minotaur Monk on Dec 23, 2017.
             Killed from afar by Natasha (10 damage)
             ... with a magic dart
             ... on level 2 of the Dungeon.
             The game lasted 00:04:04 (897 turns).

Gremour the Slasher (Minotaur Monk)                  Turns: 897, Time: 00:04:05

Health: -6/31      AC:  2    Str: 15    XL:     3   Next: 94%
Magic:  2/2        EV: 13    Int:  7    God:
Gold:   48         SH:  0    Dex: 13    Spells: 2/2 levels left

rFire    . . .     SeeInvis .   a - +0 falchion
rCold    . . .     Gourm    .   (no shield)
rNeg     . . .     Faith    .   b - +0 robe
rPois    +         Spirit   .   (helmet restricted)
rElec    .         Reflect  .   (no cloak)
rCorr    .         Harm     .   (no gloves)
MR       .....                  (no boots)
Stlth    ++........             (no amulet)
Regen    0.1/turn               m - ring of poison resistance
MPRegen  0.1/turn               (no ring)

@: slowed, very slow
A: retaliatory headbutt, horns 2
a: no special abilities


You were on level 2 of the Dungeon.
You were not hungry.

You visited 1 branch of the dungeon, and saw 2 of its levels.

You collected 48 gold pieces.

Inventory:

Hand Weapons
 a - a +0 falchion (weapon)
Missiles
 d - 7 tomahawks (quivered)
Armour
 b - a +0 robe (worn)
Jewellery
 m - a ring of poison resistance (left hand)
Scrolls
 e - 2 scrolls of identify {unknown}
 g - a scroll of enchant armour {unknown}
 h - 4 scrolls of remove curse {unknown}
 n - a scroll of magic mapping {unknown}
Potions
 i - a potion of degeneration {unknown}
 j - a potion of heal wounds {unknown}
 o - a potion of curing {unknown}
 p - a potion of lignification {unknown}
Comestibles
 c - 2 bread rations
 f - a meat ration
 k - 4 chunks of flesh
 l - a royal jelly


   Skills:
 - Level 3.6 Fighting
 + Level 5.9 Long Blades
 - Level 3.2 Dodging
 - Level 1.5 Stealth


You had 2 spell levels left.
You didn't know any spells.

Dungeon Overview and Level Annotations

Branches:
Dungeon (2/15)

Altars:

Annotations:
D:2 Natasha


Innate Abilities, Weirdness & Mutations

You reflexively headbutt those who attack you in melee.
You have a pair of horns on your head.


Message History

You feel yourself slow down.
Things that are here:
a dagger; a goblin skeleton You completely miss Natasha.
Natasha claws you!
An adder comes into view.
The adder hisses angrily.
You hit Natasha. Your headbutt misses Natasha.
Natasha is moderately wounded.
Natasha claws you. Natasha completely misses you.
You barely miss Natasha. You headbutt Natasha, but do no damage.
Natasha is moderately wounded.
Natasha misses you.
You barely miss Natasha.
Natasha is moderately wounded.
Natasha stares at you and mumbles some strange words.
The magic dart hits you!
* * * LOW HITPOINT WARNING * * *
Natasha stares at you and mumbles some strange words.
The magic dart hits you!
You die...

#........<####...## ..
#####.)#....#.#... #.#
#.#####....##. ..# #..#
###..##. ... ...# #...[.
#.## ##..## #..#..
#...###....# ##.#.. #...hS#
########.... #..@#
....##.....#
####..#####........#..
####.>.........####...###
#..............##########
.......(..รท...............
##......#######.......####
######## #######.....
######


You could see Natasha and an adder.

Vanquished Creatures
  Natasha (D:2)
  An adder (D:2)
  2 dart slugs (D:1)
  A leopard gecko (D:2)
  A ball python (D:1)
  4 goblins
  2 hobgoblins (D:1)
  2 quokkas (D:2)
  4 bats
  2 frilled lizards (D:1)
  5 kobolds (D:1)
  3 rats (D:2)
28 creatures vanquished.

Notes
Turn   | Place    | Note
-------+----------+-------------------------------------------
     0 | D:1      | Gremour the Minotaur Monk began the quest for the Orb.
     0 | D:1      | Reached XP level 1. HP: 19/19 MP: 0/0
    88 | D:1      | Reached skill level 4 in Long Blades
   137 | D:1      | Reached XP level 2. HP: 16/26 MP: 1/1
   674 | D:2      | Reached skill level 5 in Long Blades
   719 | D:2      | Reached XP level 3. HP: 24/31 MP: 2/2
   783 | D:2      | Noticed Natasha
   793 | D:2      | Killed Natasha
   891 | D:2      | Noticed Natasha
   897 | D:2      | Killed from afar by Natasha

Skill      XL: |  1  2 |
---------------+-------+-----
Long Blades    | 4 5 |  5.9
Fighting       | |  3.6
Dodging        | |  3.2
Stealth        | |  1.5

Action                   || total
-------------------------++-------
Melee: Falchion          ||    56
       Headbutt          ||    10
Throw: Tomahawk          ||     2
 Stab: Sleeping          ||     2
Armor: Robe              ||     8
Dodge: Dodged            ||    36
       Rpst.: Falchion   ||     8
